 Dungeon Crawl Stone Soup version 0.31.0-9-g3a7656b989 (webtiles) character file.

Game seed: 14925611941578754214

82 Amaterasu the Ruffian (level 4, -7/28 HPs)
             Began as an Octopode Shapeshifter on Jan 24, 2024.
             Killed by divine providence
             ... invoked by an orc priest
              (11 damage)
             ... on level 3 of the Dungeon.
             The game lasted 00:01:48 (1305 turns).

Amaterasu the Ruffian (Octopode Shapeshifter)       Turns: 1305, Time: 00:01:48

Health: -7/28      AC:  1    Str: 21    XL:     4   Next: 43%
Magic:  4/4        EV: 13    Int: 12    God:
Gold:   97         SH:  0    Dex: 11    Spells: 3/3 levels left

rFire   . .          .
                       - Unarmed
rCold   . . .        (no shield)
rNeg    . . .        (helmet currently unavailable)
rPois   .            (no amulet)
rElec   .            f - +6 ring of strength
rCorr   .            (no ring)
SInv    .            (no ring)
Will    .....        (no ring)
Stlth   ++           (no ring)
HPRegen 0.24/turn    (no ring)
MPRegen 0.09/turn    (no ring)
                     (no ring)

%: no passive effects
@: beast-form
A: beast (slay +2), almost no armour, amphibious, 8 rings, camouflage 1,
gelatinous body 1, (nimble swimmer 1), tentacles
a: Begin Untransformation


You were on level 3 of the Dungeon.
You were a hulking beast.
You visited 1 branch of the dungeon, and saw 3 of its levels.

You collected 97 gold pieces.

Inventory:

Jewellery
 f - a +6 ring of strength (left tentacle)
 k - a ring of protection from cold
Talismans
 b - a beast talisman
 c - a flux talisman
Scrolls
 e - a scroll of blinking
Potions
 a - a potion of lignification
 d - a potion of resistance
 g - a potion of attraction
 h - a potion of cancellation
 j - a potion of haste {unknown}


   Skills:
 * Level 1.5 Fighting
 * Level 2.3 Dodging
 + Level 1.0 Stealth
 * Level 3.8 Unarmed Combat
 * Level 3.8 Shapeshifting


You had 3 spell levels left.
You didn't know any spells.
Your spell library contained the following spells:

 Spells                   Type           Power      Damage    Failure   Level
 Dazzling Flash           Conj/Hex       0%         N/A       69%         3
 Volatile Blastmotes      Fire/Tloc      0%         2d10      69%         3
 Starburst                Conj/Fire      0%         6d3       100%        6
 Maxwell's Capacitive Co  Air            0%         ∞         100%        8


Dungeon Overview and Level Annotations

Branches:
Dungeon (3/15)

Altars:


Innate Abilities, Weirdness & Mutations

You are a hulking beast.
Your limbs bulge with bestial killing power. (Slay +2)
You cannot wear most types of armour.
You are amphibious.
You can wear up to eight rings at the same time.
Your skin changes colour to match your surroundings (Stealth+).
Your rubbery body absorbs attacks. (AC +1, EV +1)
((You are camouflaged when in or above water. (Stealth+)))
You have tentacles for arms and can constrict up to eight enemies at once.


Message History

The orc wizard is almost dead.
You constrict the orc wizard.
The orc wizard hits you with a +0 dagger.
You tentacle-slap the orc wizard but do no damage.
The orc wizard is almost dead.
You constrict the orc wizard.
You kill the orc wizard!
Your Stealth skill increases to level 1!
You have reached level 4!
You barely miss the orc. Your grab misses the orc.
The orc attacks as it pursues you!
The orc hits you with a +0 flail of protection.
Found 6 stones.
Found 4 stones.
The orc attacks as it pursues you! The orc barely misses you.
The orc attacks as it pursues you! The orc closely misses you.
The orc attacks as it pursues you! The orc barely misses you.
The orc attacks as it pursues you! The orc closely misses you.
You tentacle-slap the orc. Your grab misses the orc.
The orc is moderately wounded.
The orc hits you with a +0 flail of protection!
You are too injured to fight recklessly!
You are too injured to fight recklessly!
You barely miss the orc. You grab the orc.
The orc is moderately wounded.
You constrict the orc, but do no damage.
The orc hits you with a +0 flail of protection!
* * * LOW HITPOINT WARNING * * *
You bludgeon the orc!
You kill the orc!
You closely miss the ball python. You grab the ball python.
You constrict the ball python. The ball python bites you.
* * * LOW HITPOINT WARNING * * *
The ball python misses you.
You tentacle-slap the ball python.
You kill the ball python!
The orc attacks as it pursues you! The orc barely misses you.
The orc priest calls down the wrath of Beogh upon you.
Beogh smites you!
You die...

#############
.#####.<.........
.#
...(...h######.#
. .#<......o.o..#
. #.#########.##
.# ...######..)##
#.# #
.........o.###.#
######.###o#..##
##.####.##.#
#...# #S..#
#.#.###.o.#


You could see an orc priest and an orc.

Vanquished Creatures
  An orc wizard (D:3)
  A gnoll (D:1)
  An orc (D:3)
  2 endoplasms (D:1)
  4 giant cockroaches
  4 goblins
  A hobgoblin (D:2)
  3 jackals (D:2)
  5 kobolds
  3 quokkas
  7 ball pythons
  3 bats
  6 frilled lizards
  A rat (D:2)
42 creatures vanquished.

Notes
Turn   | Place    | Note
-------+----------+-------------------------------------------
     0 | D:1      | Amaterasu the Octopode Shapeshifter began the quest for the
                  | Orb.
     0 | D:1      | Reached XP level 1. HP: 13/13 MP: 1/1
   106 | D:1      | Reached XP level 2. HP: 18/18 MP: 2/2
   244 | D:1      | Reached XP level 3. HP: 23/23 MP: 3/3
  1281 | D:3      | Reached skill level 1 in Stealth
  1281 | D:3      | Reached XP level 4. HP: 21/28 MP: 4/4
  1305 | D:3      | Killed from afar by an orc priest

Illustrated notes

Levels and vault maps discovered:
D:1:      erik_arrival_orb_chamber, layout_rooms
D:2:      layout_loops_ring
D:3:      layout_loops_ring, gammafunk_temple_overflow_elements, serial_shops,
          shop, lemuel_flame_loot_1, uniq_jessica, uniq_crazy_yiuf_cottage,
          uniq_robin, uniq_grinder

Skill      XL: |  1  2  3 |
---------------+----------+-----
Stealth        | 1 |  1.0
Fighting       | |  1.5
Dodging        | |  2.3
Unarmed Combat | |  3.8
Shapeshifting  | |  3.8

Action                     |  1- 3 |  4- 6 || total
---------------------------+-------+-------++-------
  Melee: Unarmed           |    72 |     6 ||    78
         Constrict         |    21 |     2 ||    23
         Tentacles         |    12 |       ||    12
         Punch             |     2 |       ||     2
    Use: Scroll            |     5 |       ||     5
   Stab: Sleeping          |     7 |       ||     7
 Armour: Skin              |    29 |     4 ||    33
  Dodge: Dodged            |    40 |     6 ||    46
